 Dungeon Crawl Stone Soup version 0.29-a0-364-g921d912d32 (webtiles) character file.

Game seed: 3330263842679243571

1012 bande the Covered (level 8, 0/48 HPs)
             Began as a Gargoyle Fighter on Apr 30, 2022.
             Slain by a wight
             ... wielding a +0 scimitar
              (6 damage)
             ... on level 6 of the Dungeon.
             The game lasted 00:08:34 (6698 turns).

bande the Covered (Gargoyle Fighter)                Turns: 6698, Time: 00:08:35

Health: 0/48       AC: 19    Str: 25    XL:     8   Next: 21%
Magic:  8/8        EV:  8    Int: 10    God:
Gold:   387        SH:  5    Dex: 14    Spells: 7/7 levels left

rFire   . . .      SeeInvis .   a - +0 war axe
rCold   . . .      Faith    .   c - +0 buckler
rNeg    + . .      Spirit   .   o - +0 chain mail
rPois   ∞          Reflect  .   g - +0 helmet
rElec   +          Harm     .   (no cloak)
rCorr   .          Rampage  .   h - +1 pair of gloves {Dex+3}
Will    .....                   (no boots)
Stlth   ..........              (no amulet)
HPRegen 0.16/turn               q - +6 ring of strength
MPRegen 0.11/turn               (no ring)

@: no status effects
A: sickness immunity, AC +5, negative energy resistance 1, electricity
resistance, torment resistance 1, petrification resistance
a: no special abilities


You were on level 6 of the Dungeon.
You visited 1 branch of the dungeon, and saw 6 of its levels.

You collected 387 gold pieces.

Inventory:

Hand Weapons
 a - a +0 war axe (weapon)
 r - a +0 flail of protection
Missiles
 m - a throwing net (quivered)
Armour
 c - a +0 buckler (worn)
 g - a +0 helmet (worn)
 h - a +1 pair of gloves of dexterity (worn)
 o - a +0 chain mail (worn)
Jewellery
 q - a +6 ring of strength (left hand)
Wands
 n - a wand of iceblast (15)
Scrolls
 f - 3 scrolls of teleportation
 j - 4 scrolls of fog
Potions
 b - a potion of magic {unknown}
 d - a potion of might
 e - a potion of berserk rage
 i - 3 potions of brilliance
 k - a potion of resistance
 l - a potion of curing
 p - 2 potions of flight


   Skills:
 + Level 4.7 Fighting
 + Level 5.7 Axes
 + Level 6.0 Armour
 + Level 4.5 Shields
 * Level 2.5 Evocations


You had 7 spell levels left.
You didn't know any spells.
Your spell library contained the following spells:

 Spells                   Type           Power      Damage    Failure   Level
 Animate Skeleton         Necr           0%         N/A       96%         1
 Pain                     Necr           0%         1d4       96%         1
 Confusing Touch          Hex            0%         N/A       100%        3
 Portal Projectile        Hex/Tloc       0%         N/A       100%        3
 Vampiric Draining        Necr           0%         2d6       100%        3
 Petrify                  Tmut/Erth      0%         N/A       100%        4
 Blade Hands              Tmut           0%         N/A       100%        5
 Excruciating Wounds      Necr           0%         N/A       100%        5
 Metabolic Englaciation   Hex/Ice        0%         N/A       100%        5
 Yara's Violent Unravell  Hex/Tmut       0%         3d3       100%        5
 Enfeeble                 Hex            0%         N/A       100%        7
 Statue Form              Tmut/Erth      Unusable   N/A       N/A         6

Dungeon Overview and Level Annotations

Branches:
Dungeon (6/15)
 Temple: D:4-7

Altars:
Fedhas
Nemelex Xobeh
Xom

Shops:
D:5 =

Annotations:
D:5 exclusion: oklob plant


Innate Abilities, Weirdness & Mutations

You are immune to sickness and miasma.
Your stone body is resilient. (AC +5)
You are immune to poison.
You resist negative energy. (rN+)
You are resistant to electric shocks. (rElec)
You are resistant to unholy torment.
You are immune to petrification.


Message History

The wight is lightly damaged.
You completely miss the wight. You block the wight's attack.
The wight hits you with a +0 battleaxe!
You hit the wight.
The wight is heavily damaged.
You hit the wight. You barely miss the wight. The wight barely misses you.
The wight hits you with a +0 battleaxe! The wight hits you but does no damage.
You slash the wight!
You destroy the wight!
You barely miss the wight. You hit the wight but do no damage.
The wight hits you but does no damage. x2
The wight hits you with a +0 halberd! The wight barely misses you.
The wight misses you.
Your Armour skill increases to level 6!
The wight closely misses you. You block the wight's attack.
Things that are here:
a +0 battleaxe; a +0 robe Unknown command.
The wight attacks as you move away! The wight hits you with a +0 battleaxe!
The wight hits you but does no damage.
An ogre comes into view. It is wielding a +0 giant club.
The wight hits you but does no damage.
You barely miss the wight. You closely miss the wight.
The ogre shouts!
You hit the wight but do no damage. The wight hits you but does no damage.
The wight hits you with a +0 battleaxe!
* * * LOW HITPOINT WARNING * * *
The wight hits you but does no damage.
Unknown command.
You hit the wight but do no damage. You hit the wight.
You hit the wight but do no damage. The wight barely misses you.
The wight closely misses you. You block the wight's attack.
You barely miss the wight. You closely miss the wight. You slash the wight!
The wight hits you but does no damage. The wight barely misses you. x4
You block the wight's attack.
Unknown command.
You hit the wight but do no damage. You barely miss the wight.
You hit the wight. The wight hits you but does no damage. The wight misses you.
The wight hits you with a +0 scimitar.
You die...

#.# #.#.. ###.# #...
./..... ....# #..
....... ##### #.#
....... # #.# .......
#### #.# z......
##.## #########.###
....... ..#.#
#..>....zzz.##.......
##.##
#.#######@.O......#
#.#####.# ###....!..#
#.......# #######....
######### ###


You could see an ogre and 3 wights.

Vanquished Creatures
  Duvessa (D:6)
  A black bear (D:4)
  An ice beast (D:5)
  A necrophage (D:4)
  3 scorpions
  A wight (D:6)
  Dowan (D:6)
  A howler monkey (D:6)
  A jelly (D:6)
  A hound (D:4)
  Ijyb (D:3)
  3 iguanas
  A hound zombie (D:2)
  4 gnolls
  3 adders
  An ufetubus (D:4)
  2 adder skeletons (D:2)
  2 worms
  2 dart slugs
  5 orcs (D:3)
  5 ball pythons
  A bat skeleton (D:2)
  A bat zombie (D:2)
  6 endoplasms
  4 giant cockroaches
  7 goblins
  4 hobgoblins
  7 jackals
  2 ball python skeletons (D:2)
  A ball python zombie (D:2)
  4 bats
  3 frilled lizards
  5 kobolds
  7 rats
93 creatures vanquished.

Vanquished Creatures (others)
  A hobgoblin (D:3)
1 creature vanquished.

Grand Total: 94 creatures vanquished

Notes
Turn   | Place    | Note
-------+----------+-------------------------------------------
     0 | D:1      | bande the Gargoyle Fighter began the quest for the Orb.
     0 | D:1      | Reached XP level 1. HP: 14/14 MP: 1/1
   173 | D:1      | Reached XP level 2. HP: 17/19 MP: 2/2
  1117 | D:1      | Reached XP level 3. HP: 23/23 MP: 3/3
  1780 | D:2      | Reached XP level 4. HP: 27/29 MP: 4/4
  2104 | D:2      | Found a shimmering altar of Xom.
  2531 | D:2      | Reached skill level 4 in Armour
  2534 | D:2      | HP: 1/29 [gnoll/+0 whip (2)]
  2538 | D:2      | Reached XP level 5. HP: 2/33 MP: 5/5
  3295 | D:3      | Noticed Ijyb
  3314 | D:3      | Killed Ijyb
  3315 | D:3      | Reached XP level 6. HP: 14/38 MP: 6/6
  4204 | D:4      | Found a sparkling altar of Nemelex Xobeh.
  4607 | D:4      | Noticed a black bear
  4624 | D:4      | Killed a black bear
  4625 | D:4      | Reached skill level 1 in Evocations
  4625 | D:4      | Reached XP level 7. HP: 12/43 MP: 7/7
  5008 | D:4      | Reached skill level 5 in Armour
  5073 | D:4      | Found a shimmering altar of Xom.
  5180 | D:5      | Entered Level 5 of the Dungeon
  5180 | D:5      | Found Tyniopla's Jewellery Shoppe.
  5243 | D:5      | Reached skill level 5 in Axes
  5880 | D:5      | Found a blossoming altar of Fedhas.
  5902 | D:5      | Noticed an oklob plant
  6210 | D:6      | Noticed Duvessa
  6211 | D:6      | Noticed Dowan
  6245 | D:6      | Killed Duvessa
  6246 | D:6      | Reached XP level 8. HP: 35/48 MP: 8/8
  6586 | D:6      | Killed Dowan
  6693 | D:6      | Reached skill level 6 in Armour
  6698 | D:6      | Slain by a wight

Illustrated notes

Levels and vault maps discovered:
D:1:      lemuel_arrival_cross, layout_rooms
D:2:      layout_basic, serial_undead, serial_undead_e, serial_undead_f,
          serial_undead_a, serial_undead_d, basic_altar, chequers_arboretum
D:3:      layout_rooms, uniq_ijyb
D:4:      layout_loops_ring, mainiacjoe_overflow_tiny_flanked,
          nemelex_diamond_rough_becter, chequers_serial_rivers_micro_c,
          kennysheep_big_empty_room
D:5:      layout_cave_pools, tgw_fedhas, serial_shops, shop_coins
D:6:      layout_loops_ring, minmay_temple_entry_glassed_door, uniq_duvessa,
          uniq_grinder, uniq_sigmund

Skill      XL: |  1  2  3  4  5  6  7  8 |
---------------+-------------------------+-----
Axes           | 2 3 4 5 |  5.7
Armour         | 4 5 6 |  6.0
Fighting       | 4 |  4.7
Shields        | 4 |  4.5
Evocations     | 1 2 |  2.5

Action                   |  1- 3 |  4- 6 |  7- 9 || total
-------------------------+-------+-------+-------++-------
Melee: War axe           |    95 |   192 |    90 ||   377
  Use: Scroll            |     5 |     4 |     4 ||    13
Armor: Scale mail        |    53 |    67 |       ||   120
       Chain mail        |       |    85 |    61 ||   146
Dodge: Dodged            |    55 |    85 |    29 ||   169
Block: Buckler           |    16 |    58 |    23 ||    97

Table legend: (Time is in decaauts)
 A = Elapsed time spent in this place.
 B = Non-inter-level travel time spent in this place.
 C = Inter-level travel time spent in this place.
 D = Time resting spent in this place.
 E = Time spent auto-exploring this place.
 F = Levels seen in this place.
 G = Mean time per level.
                   A        B        C        D        E       F      G
               +--------+--------+--------+--------+--------+-----+--------+
         Total |   6833 |   6816 |     17 |   2405 |   3206 |   6 | 1138.8 |
       Dungeon |   6833 |   6816 |     17 |   2405 |   3206 |   6 | 1138.8 |
               +--------+--------+--------+--------+--------+-----+--------+

Top non-repeatable levels by time:
     D:2: 1767 daAuts
     D:4: 1316 daAuts
     D:1: 1254 daAuts
     D:3: 954 daAuts
     D:5: 940 daAuts
     D:6: 599 daAuts
